 Dungeon Crawl Stone Soup version 0.26.0-5-gb5863c6483 (webtiles) character file.

Game seed: 2185365950195294776

23238 TreeFish the Covert (level 13, -13/99 HPs)
             Began as a Human Enchanter on Jan 10, 2021.
             Was an Elder of Dithmenos.
             Mangled by a catoblepas (24 damage)
             ... on level 3 of the Lair of Beasts.
             The game lasted 01:17:07 (24523 turns).

TreeFish the Covert (Human Enchanter)              Turns: 24523, Time: 01:17:07

Health: -13/99     AC:  7    Str: 10    XL:     13   Next: 33%
Magic:  23/25      EV: 21    Int: 18    God:    Dithmenos [****..]
Gold:   1463       SH:  0    Dex: 15    Spells: 14/28 levels left

rFire    . . .     SeeInvis .   m - +2 short sword (venom)
rCold    . . .     Faith    .   (no shield)
rNeg     . . .     Spirit   .   d - +0 leather armour
rPois    .         Reflect  .   n - +0 helmet
rElec    .         Harm     .   F - +0 cloak
rCorr    .         Rampage  .   b - +0 pair of gloves
Will     +....                  q - +0 pair of boots
Stlth    ++++++....             (no amulet)
HPRegen  0.26/turn              I - ring of willpower
MPRegen  0.19/turn              h - +4 ring of evasion

@: confusing touch, about to teleport, wreathed by umbra
A: no striking features
a: Renounce Religion, Shadow Step


You were on level 3 of the Lair of Beasts.
You worshipped Dithmenos.
Dithmenos was greatly pleased with you.
You visited 3 branches of the dungeon, and saw 15 of its levels.
You also visited: Ossuary.

You collected 1463 gold pieces.

Inventory:

Hand Weapons
 m - a +2 short sword of venom (weapon)
Missiles
 i - 24 poisoned darts (quivered)
 p - 348 stones
Armour
 b - a +0 pair of gloves (worn)
 d - a +0 leather armour (worn)
 n - a +0 helmet (worn)
 q - a +0 pair of boots (worn)
 F - a +0 cloak (worn)
Jewellery
 h - a +4 ring of evasion (right hand)
 r - an uncursed ring of positive energy
 t - an uncursed ring of protection from cold
 w - an uncursed ring of ice
 B - an uncursed ring of wizardry {unknown}
 I - a ring of willpower (left hand)
Wands
 y - a wand of iceblast (8)
 E - a wand of enslavement (9)
 G - a wand of acid (6)
 M - a wand of random effects (21)
 O - a wand of digging (4)
Scrolls
 a - 5 scrolls of enchant armour
 f - 5 scrolls of identify
 j - 12 scrolls of remove curse
 l - a scroll of enchant weapon
 s - 5 scrolls of teleportation
 v - 3 scrolls of fog
 z - 3 scrolls of amnesia
 C - 4 scrolls of immolation
 J - a scroll of holy word
 N - a scroll of torment
Potions
 c - 3 potions of might
 e - 2 potions of ambrosia
 g - a potion of resistance
 k - 3 potions of flight
 o - 3 potions of haste
 u - 2 potions of heal wounds
 x - a potion of curing
 A - 3 potions of brilliance {unknown}
 D - a potion of berserk rage {unknown}
 H - 3 potions of lignification {unknown}
 K - 3 potions of attraction {unknown}
 L - a potion of mutation {unknown}


   Skills:
 + Level 8.5 Fighting
 + Level 8.5 Short Blades
 - Level 3.0 Armour
 + Level 8.9 Dodging
 + Level 9.9 Stealth
 + Level 8.2 Spellcasting
 + Level 9.2 Hexes
 - Level 5.0 Invocations


You had 14 spell levels left.
You knew the following spells:

 Your Spells              Type           Power        Failure   Level
a - Corona                Hex            44%          1%          1
c - Confusing Touch       Hex            40%          1%          3
g - Dazzling Flash        Conj/Hex       46%          6%          3
h - Ensorcelled Hibernat  Hex/Ice        46%          3%          2
s - Slow                  Hex            40%          1%          2
v - Tukima's Dance        Hex            40%          1%          3

Your spell library contained the following spells:

 Spells                   Type           Power        Failure   Level
 Magic Dart               Conj           28%          13%         1
 Blink                    Tloc           N/A          19%         2
 Call Imp                 Summ           7%           19%         2
 Conjure Flame            Conj/Fire      7%           36%         3
 Ignite Poison            Fire/Tmut/Pois 7%           36%         3
 Mephitic Cloud           Conj/Pois/Air  7%           36%         3
 Invisibility             Hex            40%          41%         6
 Ignition                 Fire           3%           100%        8


Dungeon Overview and Level Annotations

Branches:
Dungeon (11/15)            Temple (1/1) D:6            Lair (3/6) D:11
 Shoals (0/4) Lair:2       Spider (0/4) Lair:2          Orc (0/2) D:11
Ossuary (visited)

Altars:
Ashenzari
Cheibriados
Dithmenos
Elyvilon
Fedhas
Gozag
Hepliaklqana
Kikubaaqudgha
Makhleb
Nemelex Xobeh
Okawaru
Qazlal
Ru
Sif Muna
Trog
Uskayaw
Vehumet
Wu Jian
Xom
Yredelemnul
Zin
The Shining One

Shops:
D:10 }

Annotations:
D:7 3 runed translucent doors, Tinylith's ghost, novice NaIE


Message History

The blast of calcifying dust hits you! The catoblepas closely misses you.
You hit the catoblepas but do no damage.
The catoblepas breathes a plume of calcifying dust at you.
The blast of calcifying dust hits you. The catoblepas completely misses you.
You hit the catoblepas but do no damage.
You hit the catoblepas but do no damage.
The catoblepas gores you!!
You hit the catoblepas but do no damage.
The catoblepas gores you!!
You hit the catoblepas but do no damage.
You hit the catoblepas but do no damage.
The catoblepas barely misses you.
You hit the catoblepas but do no damage.
The catoblepas gores you!!
* * * LOW HITPOINT WARNING * * *
As you read the scroll of teleportation, it crumbles to dust.
You feel strangely unstable. The catoblepas gores you!!
You die...

......................#
###.###.#.#...........#
# ### #######........##
#........# #........#
#..<.....##
##.........#
#.ยงยง..Y....#
##...@....##
#.........# ##........#
#........##
##.........#
#..........#
##.........#
#........## #........##


You could see a catoblepas.

Vanquished Creatures
  Fannar (Lair:2)
  Erolcha (D:11)
  A catoblepas (Lair:2)
  Erica (D:8)
  A hydra (Lair:3)
  2 two-headed ogres
  Pikel (D:8)
  An ugly thing (D:11)
  A wolf spider (Lair:2)
  A cyclops (D:11)
  A manticore (D:11)
  A merfolk siren (Lair:2)
  Maggie (D:8)
  A gargoyle (D:11)
  4 cane toads
  3 komodo dragons
  2 rime drakes
  3 trolls
  2 polar bears (Lair:3)
  9 blink frogs
  2 redbacks (Lair:2)
  2 wyverns
  A vampire (D:11)
  13 yaks
  A wraith (D:10)
  A basilisk (Lair:3)
  7 water moccasins
  2 swamp drakes (Lair:1)
  A phantom (D:10)
  3 orc warriors
  3 black bears
  An ice beast (D:9)
  A necrophage (D:7)
  7 ogres
  A sky beast (D:5)
  15 wolves
  8 centaurs
  14 bullfrogs
  An elf zombie (Ossuary)
  2 elf skeletons (D:5)
  2 scorpions (D:7)
  3 howler monkeys (D:8)
  15 wights
  3 electric eels (D:11)
  3 centaur zombies
  2 quasits
  A human zombie (D:5)
  9 orc priests
  9 orc wizards
  A human skeleton (D:5)
  2 bullfrog skeletons
  10 hounds
  A centaur skeleton (D:8)
  5 iguanas
  Ijyb (D:5)
  4 worker ants
  A big kobold zombie (Ossuary)
  2 hound zombies
  2 mummies (Ossuary)
  Robin (D:2)
  2 gnolls
  10 adders
  A howler monkey skeleton (D:5)
  A river rat (Lair:1)
  2 shadow imps (D:5)
  3 white imps
  3 ufetubi
  An ooze (D:3)
  2 adder zombies (Ossuary)
  4 adder skeletons
  2 worms
  7 leopard geckos
  40 orcs
  8 giant cockroaches
  15 goblins
  10 hobgoblins
  17 jackals
  9 kobolds
  7 quokkas
  A ball python (D:4)
  9 bats
  7 frilled lizards
  8 hobgoblin zombies (Ossuary)
  18 kobold zombies (Ossuary)
  A leopard gecko skeleton (D:7)
  A leopard gecko zombie (D:8)
  An orc skeleton (D:5)
  5 orc zombies
  3 rats
399 creatures vanquished.

Vanquished Creatures (collateral kills)
  5 wights
5 creatures vanquished.

Vanquished Creatures (others)
  Psyche (D:8)
  6 dancing weapons
  13 fungi
  16 plants
36 creatures vanquished.

Grand Total: 440 creatures vanquished

Notes
Turn   | Place    | Note
-------+----------+-------------------------------------------
     0 | D:1      | TreeFish the Human Enchanter began the quest for the Orb.
     0 | D:1      | Reached XP level 1. HP: 13/13 MP: 3/3
   351 | D:1      | Reached XP level 2. HP: 19/19 MP: 5/5
   954 | D:1      | Reached XP level 3. HP: 25/25 MP: 6/6
  1289 | D:2      | Learned a level 2 spell: Ensorcelled Hibernation
  1711 | D:2      | Reached skill level 1 in Fighting
  1769 | D:2      | Reached XP level 4. HP: 32/32 MP: 5/7
  2449 | D:2      | Noticed Robin
  2460 | D:2      | Killed Robin
  2751 | D:2      | You fall into a shaft and drop 2 floors!
  2924 | D:3      | Reached XP level 5. HP: 25/37 MP: 8/8
  3282 | D:3      | Found a hide-covered altar of Uskayaw.
  3728 | D:3      | Found an ornate altar of the Wu Jian Council.
  3728 | D:3      | Found a broken altar of Ashenzari.
  3731 | D:3      | Found a hazy altar of Hepliaklqana.
  4021 | D:3      | Found a blossoming altar of Fedhas.
  4191 | D:4      | Got an ichor-stained spear
  4192 | D:4      | Identified the +3 spear of the Dark Horse {vorpal, *Slow
                  | rN++} (You found it on level 4 of the Dungeon)
  4225 | D:4      | Reached XP level 6. HP: 40/44 MP: 10/10
  4406 | D:4      | Noticed an ogre
  4417 | D:4      | Killed an ogre
  4657 | D:4      | Found a radiant altar of Vehumet.
  4812 | D:4      | Found a stormy altar of Qazlal.
  5074 | D:5      | Entered Level 5 of the Dungeon
  5095 | D:5      | Noticed an ogre
  5185 | D:5      | Killed an ogre
  5186 | D:5      | Reached XP level 7. HP: 7/51 MP: 5/11
  5473 | D:5      | Found a shadowy altar of Dithmenos.
  5492 | D:5      | Reached skill level 1 in Armour
  5494 | D:5      | Became a worshipper of Dithmenos the Shadowed
  5604 | D:5      | Found a sand-covered staircase.
  5641 | Ossuary  | Entered an ossuary
  5839 | Ossuary  | Reached XP level 8. HP: 57/57 MP: 10/13
  5911 | Ossuary  | Reached * piety under Dithmenos
  6339 | Ossuary  | Reached skill level 1 in Invocations
  7164 | D:5      | Noticed Ijyb
  7182 | D:5      | Killed Ijyb
  7182 | D:5      | Reached ** piety under Dithmenos
  7195 | D:5      | Reached skill level 5 in Stealth
  7349 | D:5      | Learned a level 3 spell: Confusing Touch
  7353 | D:5      | Learned a level 3 spell: Tukima's Dance
  7766 | D:6      | Reached XP level 9. HP: 51/64 MP: 11/15
  7849 | D:6      | Found a basalt altar of Yredelemnul.
  7865 | D:6      | You fall into a shaft and drop 3 floors!
  8029 | D:9      | Reached skill level 5 in Hexes
  8275 | D:8      | Noticed Pikel
  8303 | D:8      | Noticed Psyche
  9115 | D:6      | Found a staircase to the Ecumenical Temple.
  9128 | Temple   | Entered the Ecumenical Temple
  9318 | Temple   | Learned a level 3 spell: Dazzling Flash
  9482 | D:7      | Reached skill level 5 in Dodging
  9722 | D:7      | Found a runed translucent gate.
  9722 | D:7      | Found a runed translucent gate.
  9722 | D:7      | Found a runed translucent gate.
  9802 | D:7      | Reached *** piety under Dithmenos
 10049 | D:7      | Reached XP level 10. HP: 73/73 MP: 17/17
 10076 | D:7      | Noticed Tinylith's ghost (novice NaIE)
 10329 | D:8      | Reached skill level 5 in Short Blades
 10334 | D:8      | Reached skill level 5 in Spellcasting
 10365 | D:8      | Killed Pikel
 10366 | D:8      | Reached skill level 5 in Fighting
 10370 | D:8      | Killed Psyche
 10602 | D:8      | Noticed Erica
 10612 | D:8      | Killed Erica
 10795 | D:8      | Noticed Maggie
 10822 | D:8      | Killed Maggie
 11354 | D:8      | Reached skill level 5 in Invocations
 11449 | D:8      | You fall into a shaft and drop 1 floor!
 11891 | D:9      | Reached **** piety under Dithmenos
 11932 | D:9      | Reached XP level 11. HP: 49/79 MP: 2/19
 12352 | D:10     | Entered Level 10 of the Dungeon
 12511 | D:10     | Noticed a two-headed ogre
 12530 | D:10     | Killed a two-headed ogre
 12635 | D:10     | Found Qoezip's Gadget Boutique.
 12908 | D:10     | Identified the Handbook of Ignition and Beguiling
 13764 | D:11     | Noticed a manticore
 14558 | D:11     | Noticed a cyclops
 14595 | D:11     | Killed a manticore
 15054 | D:11     | Killed a cyclops
 15454 | D:11     | Noticed a two-headed ogre
 15477 | D:11     | Killed a two-headed ogre
 16056 | D:11     | Noticed Erolcha
 16091 | D:11     | Killed Erolcha
 16092 | D:11     | Reached XP level 12. HP: 46/89 MP: 17/22
 16561 | D:11     | Found a staircase to the Orcish Mines.
 17266 | D:11     | Found a staircase to the Lair.
 17306 | D:11     | Identified a scroll of acquirement
 17307 | D:11     | Acquired 826 gold pieces
 18371 | Lair:1   | Entered Level 1 of the Lair of Beasts
 21129 | Lair:2   | Found a hole to the Spider Nest.
 21152 | Lair:2   | Noticed Fannar
 21185 | Lair:2   | Killed Fannar
 21836 | Lair:2   | Noticed a catoblepas
 22251 | Lair:2   | Found a staircase to the Shoals.
 22289 | Lair:2   | Reached XP level 13. HP: 80/98 MP: 20/24
 22490 | Lair:2   | Learned a level 2 spell: Slow
 22571 | Lair:2   | Killed a catoblepas
 23691 | Lair:3   | Noticed a seven-headed hydra
 23696 | Lair:3   | Killed a seven-headed hydra
 23969 | Lair:3   | Noticed a catoblepas
 24523 | Lair:3   | Mangled by a catoblepas

Illustrated notes

Levels and vault maps discovered:
D:1:      dpeg_arrival_castle, layout_basic
D:2:      layout_basic, grunt_decor_one_mirror, uniq_robin
D:3:      layout_basic, nicolae_overflow_hidden_temple
D:4:      layout_loops_ring, marbit_many_paths, vehumet_crystals,
          minmay_starry_boxes
D:5:      layout_gridville, kennysheep_little_box,
          nicolae_ossuary_entry_catacombs, kennysheep_donut, uniq_ijyb
D:6:      layout_basic, minmay_temple_entry_proselytizer,
          yredelemnul_altar_generic
D:7:      layout_loops_ring, gammafunk_ghost_icy, minmay_misc_feat_diagonals,
          corner_web_ring
D:8:      layout_loops_ring, uniq_psyche, uniq_erica, uniq_pikel, uniq_maggie
D:9:      layout_long_grid
D:10:     layout_basic, serial_shops, nicolae_shop_trees
D:11:     layout_loops_ring, erik_lair_island, hiddenorc1_lemuel, uniq_erolcha
Temple:   eino_narrow_crystal_temple
Lair:1:   layout_small_grid, pond
Lair:2:   layout_layer_cave, minmay_shoals_entry_lonely_mermaid,
          spider_nest_entry_funnel_web, st_stairs_7, lemuel_fruit_tree,
          infiniplex_staircase_pool, uniq_fannar
Lair:3:   layout_big_grid, gammafunk_ghost_cemetery

Skill      XL: |  1  2  3  4  5  6  7  8  9 10 11 12 13 |
---------------+----------------------------------------+-----
Fighting       | 1 2 3 4 5 6 8 |  8.5
Short Blades   | 2 3 4 5 7 8 |  8.5
Dodging        | 3 4 5 6 7 8 |  8.9
Stealth        | 4 5 6 7 8 9 |  9.9
Spellcasting   | 3 4 5 6 7 8 |  8.2
Hexes          | 4 5 6 7 8 9 |  9.2
Armour         | 1 2 3 |  3.0
Invocations    | 2 3 5 |  5.0

Action                   |  1- 3 |  4- 6 |  7- 9 | 10-12 | 13-15 || total
-------------------------+-------+-------+-------+-------+-------++-------
Melee: Dagger            |   165 |    69 |       |       |       ||   234
       Short sword       |       |   138 |   641 |  1158 |   136 ||  2073
Throw: Dart              |     2 |       |       |    36 |       ||    38
       Stone             |       |       |       |     5 |       ||     5
 Cast: Corona            |    17 |     6 |    22 |    23 |     4 ||    72
       Ensorcelled Hiber |       |     3 |       |     7 |     3 ||    13
       Tukima's Dance    |       |       |     8 |    17 |       ||    25
       Confusing Touch   |       |       |     1 |    63 |    13 ||    77
       Slow              |       |       |       |       |     1 ||     1
Invok: Shadow Step       |       |       |       |     2 |     1 ||     3
  Use: Scroll            |       |     5 |     7 |    11 |     1 ||    24
       Potion            |       |     2 |       |     4 |     3 ||     9
 Stab: Sleeping          |     2 |     3 |    25 |    22 |     7 ||    59
       Confused          |       |       |     1 |    54 |     9 ||    64
       Distracted        |       |       |     1 |     2 |       ||     3
Armor: Leather armour    |    63 |    39 |    92 |   134 |    11 ||   339
Dodge: Dodged            |   111 |   152 |   510 |   942 |   116 ||  1831
